 Dungeon Crawl Stone Soup version 0.32-a0-172-gc5dd13f2a7 (webtiles) character file.

Game seed: 13501881723890428153

94 BubbleThief the Grave Robber (level 4, -5/30 HPs)
             Began as a Demonspawn Necromancer on Feb 12, 2024.
             Slain by a gnoll
             ... wielding a +0 whip
              (6 damage)
             ... on level 3 of the Dungeon.
             The game lasted 00:03:06 (2057 turns).

BubbleThief the Grave Robber (DsNe)                 Turns: 2057, Time: 00:03:06

Health: -5/30      AC:  4    Str:  9    XL:     4   Next: 38%
Magic:  6/8        EV: 12    Int: 17    God:
Gold:   77         SH:  0    Dex: 13    Spells: 7/8 levels left

rFire   . . .        e - +2 spear (freeze)
rCold   . . .        (no shield)
rNeg    . . .        a - +0 robe
rPois   .            (helmet restricted)
rElec   .            (no cloak)
rCorr   .            (no gloves)
SInv    .            (no boots)
Will    .....        (no amulet)
Stlth   +            (no ring)
HPRegen 0.25/turn    (no ring)
MPRegen 0.11/turn

%: no passive effects
@: confused
A: horns 1, thin metallic scales 1, foul stench 1
a: no special abilities


You were on level 3 of the Dungeon.
You visited 1 branch of the dungeon, and saw 3 of its levels.

You collected 77 gold pieces.

Inventory:

Hand Weapons
 e - a +2 spear of freezing (weapon)
Armour
 a - a +0 robe (worn)
Scrolls
 c - a scroll of enchant armour {unknown}
 f - a scroll of teleportation {unknown}
 j - a scroll of identify {unknown}
Potions
 b - 2 potions of magic
 d - a potion of berserk rage {unknown}
 g - 2 potions of curing {unknown}
 h - a potion of lignification {unknown}
 i - a potion of brilliance {unknown}


   Skills:
 - Level 1.7 Dodging
 - Level 1.7 Stealth
 + Level 2.9 Spellcasting
 * Level 5.9 Necromancy


You had 7 spell levels left.
You knew the following spells:

 Your Spells              Type           Power      Damage    Failure   Level
a - Necrotise             Necr           88%        1d8       1%          1

Your spell library contained the following spells:

 Spells                   Type           Power      Damage    Failure   Level
 Vampiric Draining        Necr           22%        2d7       4%          3
 Animate Dead             Necr           22%        N/A       16%         4
 Sandblast                Erth           4%         2d4       19%         1
 Static Discharge         Conj/Air       4%         3-4/arc   26%         2
 Curse of Agony           Necr           22%        N/A       41%         5
 Anguish                  Hex/Necr       6%         N/A       45%         4
 Dazzling Flash           Conj/Hex       4%         N/A       47%         3
 Passwall                 Erth           2%         N/A       47%         3
 Stone Arrow              Conj/Erth      4%         3d7       47%         3
 Brom's Barrelling Bould  Conj/Erth      2%         2d3       87%         4
 Cause Fear               Hex            1%         N/A       87%         4
 Enfeeble                 Hex            1%         N/A       100%        7
 Fire Storm               Conj/Fire      1%         7d1       100%        9


Dungeon Overview and Level Annotations

Branches:
Dungeon (3/15)

Altars:


Innate Abilities, Weirdness & Mutations

You have a pair of small horns on your head.
You are partially covered in thin metallic scales. (AC +2)
You may rarely emit foul miasma when damaged in melee.


Message History

You hit the gnoll. You freeze the gnoll.
The gnoll is heavily wounded.
The gnoll barely misses you.
You're too confused to move!
The gnoll zaps a wand.
Your will is overpowered!
You are more confused.
The gnoll attacks as it pursues you! The gnoll barely misses you.
You're too confused to move!
The gnoll hits you with a +0 whip. The gnoll attacks as it pursues you!
The gnoll hits you with a +0 whip!
The gnoll zaps a wand.
You resist with some effort.
There is an open door here.
The gnoll hits you with a +0 whip.
You feel less confused.
The gnoll zaps a wand.
Your will is overpowered!
You are confused.
You're too confused to move!
The gnoll hits you but does no damage. The gnoll attacks as it pursues you!
The gnoll hits you but does no damage. The gnoll hits you with a +0 whip.
The gnoll zaps a wand.
Your will is overpowered!
You are more confused.
You bump into the rock wall.
The gnoll hits you with a +0 whip.
The gnoll zaps a wand.
You resist with some effort. The gnoll barely misses you.
The gnoll zaps a wand.
You resist with some effort.
You're too confused to move!
The gnoll barely misses you. x2
The gnoll hits you with a +0 whip.
* * * LOW HITPOINT WARNING * * *
The gnoll zaps a wand.
Your will is overpowered!
You are more confused.
Press: ? - help, v - describe, . - travel
Here: a gnoll, wielding a +0 whip and carrying a wand of charming (heavily wounded)
The floor.
The gnoll hits you but does no damage.
The gnoll zaps a wand.
You resist with some effort.
Unknown command.
The gnoll attacks as it pursues you! The gnoll hits you with a +0 whip.
* * * LOW HITPOINT WARNING * * *
The gnoll hits you with a +0 whip.
* * * LOW HITPOINT WARNING * * *
Unknown command.
You're too confused to move!
The gnoll hits you with a +0 whip.
You die...

#.######.# #
#......#.#
#.#......#.#
#.#......#g#
#......).#.#
#.#......#.#
#.#......'.#
. ##...g.###
#. #..@g.#
#.....#
#######


You could see 2 gnolls.

Vanquished Creatures
  2 gnolls
  3 adders (D:2)
  A dart slug (D:1)
  4 ball pythons
  5 endoplasms
  A hobgoblin (D:2)
  5 jackals
  9 kobolds
  A quokka (D:2)
  2 bats
  5 goblins
  3 rats
41 creatures vanquished.

Vanquished Creatures (collateral kills)
  A hobgoblin (D:1)
  A bat (D:1)
2 creatures vanquished.

Grand Total: 43 creatures vanquished

Notes
Turn   | Place    | Note
-------+----------+-------------------------------------------
     0 | D:1      | BubbleThief the Demonspawn Necromancer began the quest for
                  | the Orb.
     0 | D:1      | Reached XP level 1. HP: 13/13 MP: 3/3
   321 | D:1      | Gained mutation: You have a pair of small horns on your
                  | head. [demonic ancestry]
   321 | D:1      | Reached XP level 2. HP: 19/19 MP: 0/5
   445 | D:1      | Reached skill level 5 in Necromancy
   781 | D:1      | Gained mutation: You are partially covered in thin metallic
                  | scales. (AC +2) [demonic ancestry]
   781 | D:1      | Reached XP level 3. HP: 24/24 MP: 3/6
  1514 | D:2      | Gained mutation: You may rarely emit foul miasma when
                  | damaged in melee. [demonic ancestry]
  1514 | D:2      | Reached XP level 4. HP: 24/30 MP: 4/8
  1523 | D:2      | Got the Book of Conjury
  2056 | D:3      | HP: 1/30 [gnoll/+0 whip (2)]
  2057 | D:3      | Slain by a gnoll

Illustrated notes

Levels and vault maps discovered:
D:1:      dpeg_arrival_arbitrary_a, layout_basic
D:2:      layout_basic
D:3:      layout_basic, xom_butterflies, mainiacjoe_overflow_catwalk,
          nicolae_kikubaaqudgha_miasma_corner

Skill      XL: |  1  2 |
---------------+-------+-----
Necromancy     | 5 |  5.9
Dodging        | |  1.7
Stealth        | |  1.7
Spellcasting   | |  2.9

Action                     |  1- 3 |  4- 6 || total
---------------------------+-------+-------++-------
  Melee: Spear             |     1 |    11 ||    12
         Headbutt          |       |     3 ||     3
   Cast: Necrotise         |    57 |    22 ||    79
 Armour: Robe              |     6 |    19 ||    25
  Dodge: Dodged            |    12 |    10 ||    22

Table legend: (Time is in decaauts)
 A = Elapsed time spent in this place.
 B = Non-inter-level travel time spent in this place.
 C = Inter-level travel time spent in this place.
 D = Time resting spent in this place.
 E = Time spent auto-exploring this place.
 F = Levels seen in this place.
 G = Mean time per level.
                   A        B        C        D        E       F      G
               +--------+--------+--------+--------+--------+-----+--------+
         Total |   2057 |   2019 |     38 |      0 |   1737 |   3 |  685.7 |
       Dungeon |   2057 |   2019 |     38 |      0 |   1737 |   3 |  685.7 |
               +--------+--------+--------+--------+--------+-----+--------+

Top non-repeatable levels by time:
     D:1: 1143 daAuts
     D:2: 830 daAuts
     D:3: 83 daAuts
